 Dungeon Crawl Stone Soup version 0.29.0-15-g675c0067aa (webtiles) character file.

Game seed: 16366721829482752354

3018 Pim the Grappler (level 9, 0/88 HPs)
             Began as a Troll Fighter on Sept 11, 2022.
             Slain by a wyvern (16 damage)
             ... on level 7 of the Dungeon.
             The game lasted 00:09:17 (8270 turns).

Pim the Grappler (Troll Fighter)                    Turns: 8270, Time: 00:09:18

Health: 0/88       AC:  9    Str: 24    XL:     9   Next: 55%
Magic:  17/17      EV: 10    Int:  4    God:
Gold:   332        SH:  9    Dex: 11    Spells: 8/8 levels left

rFire   . . .      SeeInvis .     - Unarmed
rCold   + . .      Faith    .   b - +0 kite shield
rNeg    + + +      Spirit   .   a - +0 robe
rPois   .          Reflect  .   (helmet restricted)
rElec   .          Harm     .   H - +0 cloak
rCorr   +          Rampage  .   (gloves unavailable)
Will    .....                   (boots unavailable)
Stlth   +.........              (no amulet)
HPRegen 1.04/turn               g - +4 ring of protection
MPRegen 0.15/turn               m - ring of Honesty {rC+ rN+++ rCorr MP+9 Str-4}

@: no status effects
A: large, unfitting armour, claws 3, regeneration 1, shaggy fur 1, tough skin 1
a: no special abilities


You were on level 7 of the Dungeon.
You visited 2 branches of the dungeon, and saw 9 of its levels.

You collected 332 gold pieces.

Inventory:

Armour
 a - a +0 robe (worn)
 b - a +0 kite shield (worn)
 h - a +0 ring mail
 H - a +0 cloak (worn)
Jewellery
 g - a +4 ring of protection (left claw)
 m - the ring of Honesty (right claw) {rC+ rN+++ rCorr MP+9 Str-4}
   (You found it on level 2 of the Dungeon)

   [ring of protection from cold]

   Str:       It affects your strength (-4).
   rC:        It protects you from cold.
   rN:        It renders you almost immune to negative energy.
   MP:        It affects your magic capacity (+9).
   rCorr:     It protects you from acid and corrosion.
 u - a +4 ring of protection
 v - a +6 ring of strength
 y - a ring of wizardry
 C - a ring of flight
Wands
 c - a wand of roots (4)
 D - a wand of digging (8)
 F - a wand of acid (10)
Scrolls
 d - a scroll of poison {unknown}
 e - 2 scrolls of fear {unknown}
 j - 3 scrolls of blinking
 n - 4 scrolls of vulnerability {unknown}
 p - 5 scrolls of teleportation
 q - a scroll of enchant weapon {unknown}
 r - a scroll of butterflies {unknown}
 w - a scroll of torment {unknown}
 B - a scroll of enchant armour {unknown}
Potions
 f - 3 potions of mutation
 i - a potion of heal wounds
 k - a potion of cancellation {unknown}
 l - a potion of attraction {unknown}
 o - a potion of lignification
 s - 2 potions of flight {unknown}
 t - a potion of ambrosia {unknown}
 x - 2 potions of haste {unknown}
 z - 3 potions of curing {unknown}
 A - 2 potions of brilliance {unknown}
 E - a potion of resistance {unknown}
 G - a potion of magic {unknown}


   Skills:
 + Level 5.5 Fighting
 + Level 5.5 Dodging
 + Level 6.1 Shields
 * Level 8.8 Unarmed Combat


You had 8 spell levels left.
You didn't know any spells.
Your spell library contained the following spells:

 Spells                   Type           Power      Damage    Failure   Level
 Magic Dart               Conj           0%         1d3       77%         1
 Searing Ray              Conj           0%         2d4       88%         2
 Sublimation of Blood     Necr           0%         N/A       88%         2
 Wereblood                Tmut           0%         N/A       88%         2
 Gell's Gravitas          Tloc           0%         N/A       98%         3
 Lesser Beckoning         Tloc           0%         N/A       98%         3
 Teleport Other           Tloc           0%         N/A       98%         3
 Fulminant Prism          Conj/Hex       0%         3d6       100%        4
 Summon Hydra             Summ           0%         N/A       100%        7


Dungeon Overview and Level Annotations

Branches:
Dungeon (8/15)             Temple (1/1) D:4
   Lair: D:8-11

Altars:
Cheibriados
Dithmenos
Elyvilon
Fedhas
Gozag
Hepliaklqana
Kikubaaqudgha
Makhleb
Okawaru
Sif Muna
Uskayaw
Vehumet
Xom
Yredelemnul
Zin
The Shining One

Annotations:
D:3 1 runed translucent door, Crazy Yiuf


Innate Abilities, Weirdness & Mutations

You are too large for most types of armour.
You have claws for hands.
Your natural rate of healing is unusually fast.
You are covered in fur. (AC +1)
You have tough skin. (AC +1)


Message History

The wolf closely misses you.
You closely miss the wolf.
The wolf is lightly wounded.
The wolf bites you. The wolf barely misses you.
You scratch the wolf.
The wolf is lightly wounded.
You block the wolf's attack.
You scratch the wolf.
The wolf is heavily wounded.
The wolf bites you! The wolf barely misses you.
You closely miss the wolf.
The wolf is moderately wounded.
You block the wolf's attack. x2
You miss the wolf.
The wolf is moderately wounded.
The wolf bites you!
* * * LOW HITPOINT WARNING * * *
You closely miss the wolf.
The wolf is moderately wounded.
You block the wolf's attack. The wolf closely misses you. The wolf bites you.
* * * LOW HITPOINT WARNING * * *
The wolf bites you but does no damage. The wolf attacks as you move away!
The wolf bites you.
* * * LOW HITPOINT WARNING * * *
You block the wolf's attack.
The wyvern bites you but does no damage.
You block the wyvern's attack. The wolf bites you.
* * * LOW HITPOINT WARNING * * *
You can't go up here!
The wyvern closely misses you.
There is a stone staircase leading up here.
The wyvern bites you!
* * * LOW HITPOINT WARNING * * *
You climb upwards.
There is a stone staircase leading down here.
You feel much better. The wyvern bites you!
* * * LOW HITPOINT WARNING * * *
The wyvern bites you!
You die...

###.########..#
#.########.##
#.....##...#
#####.##.### #.##<#
###.##.########
#..........(..#
#.#.#l.######.#
#.#..@## #.# #.###.#
#.# #.# #.#
###.######## #.###.#
#...........
#.....#####.##..######
########........#
#.######.#
#.#8...#.###
#.###..#...#


You could see a wyvern.

Vanquished Creatures
  Sigmund (D:6)
  2 humans (D:7)
  A wyvern (D:6)
  A steam dragon (D:8)
  Edmund (D:6)
  4 ice beasts (D:6)
  A black bear (D:6)
  An orc warrior (D:7)
  2 wolves (D:8)
  2 kobold brigands
  Blork the orc (D:5)
  2 necrophages
  A bullfrog (D:8)
  3 scorpions
  4 wights
  2 howler monkeys (D:7)
  2 hounds
  2 jellies
  A gnoll bouda (D:4)
  2 orc priests
  An iguana (D:5)
  2 orc wizards
  9 gnolls
  7 adders
  A shadow imp (D:5)
  2 white imps
  3 ufetubi
  2 worms
  4 dart slugs
  18 orcs
  4 ball pythons
  4 bats
  10 endoplasms
  3 giant cockroaches
  7 goblins
  7 hobgoblins
  A jackal (D:4)
  A quokka (D:5)
  5 frilled lizards
  15 kobolds
  7 rats
149 creatures vanquished.

Vanquished Creatures (others)
  An orc wizard (D:8)
  An orc (D:7)
  4 toadstools (D:1)
6 creatures vanquished.

Grand Total: 155 creatures vanquished

Notes
Turn   | Place    | Note
-------+----------+-------------------------------------------
     0 | D:1      | Pim the Troll Fighter began the quest for the Orb.
     0 | D:1      | Reached XP level 1. HP: 22/22 MP: 0/0
    26 | D:1      | Reached XP level 2. HP: 14/29 MP: 1/1
   463 | D:1      | Reached XP level 3. HP: 36/36 MP: 2/2
   615 | D:1      | Found a faded altar of an unknown god.
   989 | D:2      | Identified the ring of Honesty {rC+ rN+++ rCorr MP+9 Str-4}
  1189 | D:2      | Reached skill level 3 in Unarmed Combat
  1398 | D:2      | You fall into a shaft and drop 2 floors!
  1481 | D:4      | Reached XP level 4. HP: 40/44 MP: 3/3
  1623 | D:4      | Found a staircase to the Ecumenical Temple.
  1630 | Temple   | Entered the Ecumenical Temple
  2525 | D:3      | Found a shadowy altar of Dithmenos.
  2817 | D:3      | Found a runed translucent door.
  2818 | D:3      | Noticed Crazy Yiuf
  3359 | D:4      | Reached XP level 5. HP: 53/53 MP: 4/4
  3669 | D:5      | Entered Level 5 of the Dungeon
  3700 | D:5      | Reached skill level 4 in Unarmed Combat
  3715 | D:5      | Reached XP level 6. HP: 58/61 MP: 5/5
  3953 | D:5      | Found a radiant altar of Vehumet.
  3953 | D:5      | Noticed Blork the orc
  3970 | D:5      | Killed Blork the orc
  4402 | D:5      | Reached skill level 5 in Unarmed Combat
  4475 | D:4      | Reached XP level 7. HP: 30/67 MP: 6/6
  5877 | D:6      | Reached skill level 6 in Unarmed Combat
  5918 | D:6      | Reached XP level 8. HP: 65/78 MP: 7/7
  6030 | D:6      | Noticed Edmund
  6040 | D:6      | Killed Edmund
  6257 | D:6      | Reached skill level 5 in Shields
  6278 | D:6      | Reached skill level 7 in Unarmed Combat
  6292 | D:6      | Noticed Sigmund
  6308 | D:6      | HP: 3/79 [something/magic dart (7)]
  6728 | D:6      | Killed Sigmund
  7085 | D:6      | Reached skill level 5 in Fighting
  7085 | D:6      | Reached skill level 5 in Dodging
  7085 | D:6      | Reached XP level 9. HP: 70/88 MP: 8/8
  7426 | D:7      | Reached skill level 8 in Unarmed Combat
  7861 | D:7      | Found an iron altar of Okawaru.
  8270 | D:7      | Slain by a wyvern

Illustrated notes

Levels and vault maps discovered:
D:1:      ldierk_walled_garden_2, layout_loops_ring,
          shapermc_ecumenical_altar_ellora
D:2:      layout_basic, nrook_uturn, minmay_misc_feat_iff,
          hangedman_decor_riveting
D:3:      layout_basic, grunt_dithmenos_smoke_and_mirrors,
          uniq_crazy_yiuf_cottage
D:4:      layout_gridville, minmay_temple_entry_wispy,
          hangedman_abyss_or_decor_stagger, kennysheep_diamond,
          chequers_serial_rivers_small_3
D:5:      layout_layer_cave, vehumet_crystals, hangedman_abyss_or_decor_stabs,
          uniq_blork_the_orc
D:6:      layout_basic, uniq_sigmund, uniq_edmund
D:7:      layout_basic, okawaru_humans
D:8:      layout_basic, gammafunk_temple_overflow_statue,
          nicolae_concentric_dashed_squares_mild, uniq_grum
Temple:   hellmonk_temple_forest_ring

Skill      XL: |  1  2  3  4  5  6  7  8  9 |
---------------+----------------------------+-----
Shields        | 3 4 5 6 |  6.1
Unarmed Combat | 3 4 5 6 7 8 |  8.8
Dodging        | 3 4 5 |  5.5
Fighting       | 3 4 5 |  5.5

Action                   |  1- 3 |  4- 6 |  7- 9 || total
-------------------------+-------+-------+-------++-------
Melee: Unarmed           |    84 |   181 |   254 ||   519
  Use: Scroll            |       |     4 |       ||     4
       Potion            |       |     2 |     4 ||     6
 Stab: Sleeping          |     2 |       |       ||     2
Armor: Robe              |    17 |    65 |    77 ||   159
       Skin              |       |       |    11 ||    11
Dodge: Dodged            |    27 |    74 |   113 ||   214
Block: Kite shield       |    33 |    91 |   139 ||   263
